 Dungeon Crawl Stone Soup version 0.25-a0-632-g7713895373 (webtiles) character file.

Game seed: 100425413088418443, levelgen mode: deterministic

3764 Lauz the Thaumaturge (level 9, -18/45 HPs)
             Began as a Deep Elf Conjurer on Mar 19, 2020.
             Was an Elder of Sif Muna.
             Blown up by Psyche (31 damage)
             ... with a disintegration bolt
             ... on level 8 of the Dungeon.
             The game lasted 00:51:51 (12191 turns).

Lauz the Thaumaturge (Deep Elf Conjurer)           Turns: 12191, Time: 00:51:52

Health: -18/45     AC:  8    Str:  5    XL:     9   Next: 94%
Magic:  27/27      EV: 15    Int: 24    God:    Sif Muna [****..]
Gold:   449        SH:  2    Dex: 18    Spells: 20/32 levels left

rFire    + + .     SeeInvis .   o - +2 dagger (protect)
rCold    . . .     Gourm    .   (no shield)
rNeg     + . .     Faith    .   s - +1 robe of Bewad {rF+ rN+ MR- Dex+3} (curse)
rPois    .         Spirit   .   G - +2 helmet
rElec    .         Reflect  +   j - +0 cloak
rCorr    .         Harm     .   g - +0 pair of gloves
MR       .....                  (no boots)
Stlth    ++........             C - +2 amulet of reflection (curse)
HPRegen  0.15/turn              f - ring of protection from fire
MPRegen  0.20/turn              (no ring)

@: very slightly contaminated
A: no striking features
a: Channel Magic, Forget Spell, Divine Exegesis, Renounce Religion


You were on level 8 of the Dungeon.
You worshipped Sif Muna.
Sif Muna was greatly pleased with you.
You were not hungry.

You visited 1 branch of the dungeon, and saw 8 of its levels.
You also visited: Sewer.

You collected 449 gold pieces.

Inventory:

Hand Weapons
 o - a +2 dagger of protection (weapon)
Armour
 a - a +0 robe
 g - a +0 pair of gloves (worn)
 j - a +0 cloak (worn)
 k - a +0 buckler
 p - a +2 robe of resistance
 s - the cursed +1 robe of Bewad (worn) {rF+ rN+ MR- Dex+3}
   (You found it on level 4 of the Dungeon)

   It affects your dexterity (+3).
   It protects you from fire.
   It protects you from negative energy.
   It affects your resistance to hostile enchantments.
   It has a curse placed upon it.
 G - a +2 helmet (worn)
Jewellery
 f - a ring of protection from fire (left hand)
 B - an uncursed ring of ice {unknown}
 C - a cursed +2 amulet of reflection (around neck)
Wands
 q - a wand of paralysis (8)
 r - a wand of enslavement (2)
 x - a wand of flame (27)
Scrolls
 m - a scroll of fear {unknown}
 n - 6 scrolls of identify
 t - a scroll of immolation {unknown}
 y - a scroll of remove curse {unknown}
 z - 3 scrolls of amnesia
 A - 2 scrolls of enchant armour {unknown}
Potions
 b - 3 potions of might {unknown}
 d - 3 potions of flight {unknown}
 e - 2 potions of curing {unknown}
 i - 2 potions of ambrosia {unknown}
 l - 2 potions of magic {unknown}
 u - a potion of brilliance {unknown}
 v - a potion of cancellation {unknown}
 w - a potion of degeneration {unknown}
 D - a potion of heal wounds {unknown}
 E - 3 potions of haste {unknown}
Comestibles
 c - 13 rations
 F - 3 chunks of flesh


   Skills:
 + Level 4.6 Dodging
 - Level 2.4 Stealth
 + Level 12.1 Spellcasting
 + Level 10.3 Conjurations
 + Level 5.8 Hexes
 * Level 3.6 Invocations


You had 20 spell levels left.
You knew the following spells:

 Your Spells              Type           Power        Failure   Level  Hunger
a - Magic Dart            Conj           ####         1%          1    None
b - Dazzling Flash        Conj/Hex       ######       1%          3    None
c - Iskenderun's Mystic   Conj/Tloc      #####...     4%          4    None
d - Fulminant Prism       Conj/Hex       ######....   1%          4    None

Your spell library contained the following spells:

 Spells                   Type           Power        Failure   Level  Hunger
 Corona                   Hex            #####..      1%          1    None
 Searing Ray              Conj           ######       1%          2    None
 Animate Skeleton         Necr           N/A          4%          1    None
 Apportation              Tloc           ##....       4%          1    None
 Summon Small Mammal      Summ           ##..         4%          1    None


Dungeon Overview and Level Annotations

Branches:
Dungeon (8/15)             Temple (0/1) D:4           Sewer (visited)
   Lair: D:8-11

Altars:
Cheibriados
Elyvilon
Kikubaaqudgha
Sif Muna
Uskayaw

Shops:
D:5 }

Annotations:
D:8 Psyche


Message History

The two-headed ogre is too close now for your liking.
A two-headed ogre is nearby!
There is an open door here.
The two-headed ogre shouts in stereo!
Psyche the Insane Magess comes into view.
She is wielding a +4 dagger of chaos, wearing a +2 robe of magic resistance and carrying a wand of disintegration (9).
Psyche shouts!
Press: ? - help, v - describe, . - travel The floor.
Psyche zaps a wand.
You are blasted!
Ouch! That really hurt!
* * * LOW HITPOINT WARNING * * *
Blink to where?
Press: ? - help, Dir - move target cursor You are very lightly contaminated with residual magic.
As you read the scroll of blinking, it crumbles to dust.
You close the door.
Psyche opens the door.
Psyche zaps a wand.
You are blasted!
Ouch! That really hurt!
You die...

..........#..#......#.(..........
..........#..#......#......#####'
..........#..#......#......#.....
.รท..>.....#..#......#####'##.....
..........#..#...................
####+#....#..#...................
.....#...>#..#..............####'
....(+....#..#######........#...)
####+#....#..'..@..#..).....#....
#.........#..#.....'....#####....
'.........#..##....#@...# ####'
#(....##'##..#######....# #..).
#.....#...#........#...)#####.).)
#.....#...#........#...)....#....
#.....#>.##........'...)...O'....
###########..##....#........#....
#....#........#....


You could see Psyche.

Vanquished Creatures
  Pikel (D:4)
  A hippogriff (D:7)
  Menkaure (D:4)
  Duvessa (D:4)
  3 sky beasts
  5 orc warriors
  2 ice beasts
  2 slaves (D:4)
  3 ogres
  A centaur (D:6)
  5 bullfrogs
  Dowan (D:4)
  2 electric eels (D:7)
  A bullfrog zombie (D:8)
  3 crimson imps
  A hound (D:7)
  Crazy Yiuf (D:7)
  3 orc priests
  A bullfrog skeleton (D:8)
  3 iguanas
  10 orc wizards
  Terence (D:2)
  4 worker ants
  A hound skeleton (D:5)
  A howler monkey zombie (D:8)
  3 gnolls (D:7)
  12 adders
  12 oozes
  2 adder skeletons
  5 worms
  4 dart slugs
  15 leopard geckos
  42 orcs
  10 ball pythons
  12 giant cockroaches
  6 hobgoblins
  12 jackals
  6 kobolds
  4 quokkas
  6 bats
  24 frilled lizards
  7 goblins
  A jackal zombie (D:8)
  A quokka skeleton (D:5)
  10 rats
252 creatures vanquished.

Vanquished Creatures (others)
  2 slaves (D:4)
  56 fulminant prisms
58 creatures vanquished.

Grand Total: 310 creatures vanquished

Notes
Turn   | Place    | Note
-------+----------+-------------------------------------------
     0 | D:1      | Lauz the Deep Elf Conjurer began the quest for the Orb.
     0 | D:1      | Reached XP level 1. HP: 10/10 MP: 6/6
   265 | D:1      | Reached XP level 2. HP: 15/15 MP: 6/8
   771 | D:1      | Reached skill level 5 in Conjurations
  1245 | D:2      | Reached XP level 3. HP: 19/19 MP: 8/10
  1456 | D:2      | Noticed Terence
  1734 | D:2      | Reached skill level 4 in Spellcasting
  2162 | D:1      | Learned a level 3 spell: Dazzling Flash
  2211 | D:2      | Reached XP level 4. HP: 22/24 MP: 8/12
  2603 | D:2      | Killed Terence
  2882 | D:3      | Reached skill level 5 in Spellcasting
  2882 | D:3      | Reached XP level 5. HP: 18/28 MP: 0/14
  3160 | D:3      | Found a white marble altar of Elyvilon.
  3164 | D:3      | Found a shimmering blue altar of Sif Muna.
  3176 | D:3      | Became a worshipper of Sif Muna the Loreminder
  3284 | D:3      | Found a glowing drain.
  3309 | Sewer    | Entered a sewer
  3998 | Sewer    | Reached * piety under Sif Muna
  4156 | Sewer    | Reached XP level 6. HP: 32/32 MP: 4/16
  4282 | Sewer    | Learned a level 4 spell: Iskenderun's Mystic Blast
  4287 | Sewer    | Learned a level 4 spell: Fulminant Prism
  4293 | Sewer    | Reached skill level 6 in Spellcasting
  4501 | Sewer    | Reached skill level 1 in Hexes
  5172 | D:4      | Reached skill level 7 in Spellcasting
  5178 | D:4      | Noticed Duvessa
  5362 | D:4      | Noticed Dowan
  5371 | D:4      | Killed Dowan
  5371 | D:4      | Reached XP level 7. HP: 10/36 MP: 6/19
  5383 | D:4      | Noticed Menkaure
  5389 | D:4      | Reached ** piety under Sif Muna
  5722 | D:4      | Killed Menkaure
  5966 | D:4      | Found a staircase to the Ecumenical Temple.
  5967 | D:4      | Got a brightly glowing robe
  5978 | D:4      | Identified the cursed +1 robe of Bewad {rF+ rN+ MR- Dex+3}
                  | (You found it on level 4 of the Dungeon)
  6396 | D:4      | Noticed Pikel
  6448 | D:4      | Killed Pikel
  6448 | D:4      | Reached skill level 9 in Spellcasting
  6448 | D:4      | Reached XP level 8. HP: 18/41 MP: 0/23
  6527 | D:4      | Killed Duvessa
  6704 | D:4      | Found a hide-covered altar of Uskayaw.
  6704 | D:4      | Found a snail-covered altar of Cheibriados.
  6821 | D:4      | Found a white marble altar of Elyvilon.
  6966 | D:5      | Entered Level 5 of the Dungeon
  7113 | D:5      | Found an ancient bone altar of Kikubaaqudgha.
  7594 | D:5      | Reached skill level 10 in Spellcasting
  7933 | D:5      | Found Yle Ahua's Gadget Emporium.
  8023 | D:6      | Reached skill level 1 in Invocations
  8037 | D:6      | Reached skill level 5 in Hexes
  8073 | D:5      | Reached XP level 9. HP: 25/45 MP: 2/25
  8744 | D:6      | Reached *** piety under Sif Muna
  9480 | D:7      | Reached skill level 11 in Spellcasting
 10766 | D:7      | Found a runed translucent door.
 10767 | D:7      | Noticed Crazy Yiuf
 11006 | D:7      | Killed Crazy Yiuf
 11238 | D:8      | Noticed a two-headed ogre
 11498 | D:8      | Reached skill level 12 in Spellcasting
 11498 | D:8      | Reached skill level 10 in Conjurations
 12071 | D:8      | Reached **** piety under Sif Muna
 12185 | D:8      | Noticed Psyche
 12191 | D:8      | Blown up by Psyche

Levels and vault maps discovered:
D:1:      saegor_arrival_simple_d, layout_basic, serial_forest,
          infiniplex_forest_clump_tiny, infiniplex_forest_lined_2,
          infiniplex_forest_corner_1, infiniplex_forest_clump_tiny,
          infiniplex_forest_split
D:2:      cheibrodos_old_hovel, layout_basic, minmay_circle_x, uniq_terence
D:3:      layout_rooms, grunt_temple_overflow_open, cheibrodos_sewer_entry_bend
D:4:      layout_cave_pools, gammafunk_temple_overflow_elements,
          minmay_temple_entry_statues_pillars, elyvilon_altar_1, uniq_pikel,
          uniq_duvessa, uniq_menkaure
D:5:      layout_cave_pools, nicolae_overflow_crystal_walls, serial_shops,
          kennysheep_mini_moat, first_ration
D:6:      layout_gridville, minmay_misc_feat_diagonals
D:7:      layout_loops_corners, minivault_14, uniq_crazy_yiuf_cottage
D:8:      cheibrodos_iron_armory, layout_gridville, grunt_pizzeria, uniq_grum,
          uniq_psyche

Skill      XL: |  1  2  3  4  5  6  7  8  9 |
---------------+----------------------------+-----
Conjurations   | 5 6 7 8 10 | 10.3
Spellcasting   | 4 5 7 9 10 12 | 12.1
Dodging        | 3 4 |  4.6
Hexes          | 1 3 5 |  5.8
Invocations    | 1 3 |  3.6
Stealth        | |  2.4

Action                   |  1- 3 |  4- 6 |  7- 9 || total
-------------------------+-------+-------+-------++-------
Melee: Unarmed           |    11 |     5 |       ||    16
       Dagger            |       |       |    11 ||    11
 Cast: Magic Dart        |   110 |   236 |   196 ||   542
       Dazzling Flash    |       |    13 |     5 ||    18
       Fulminant Prism   |       |     5 |    51 ||    56
       Iskenderun's Myst |       |     1 |    51 ||    52
  Use: Scroll            |       |     2 |     6 ||     8
  Eat: Chunk             |     3 |     6 |    18 ||    27
       Ration            |       |     2 |     1 ||     3
Armor: Robe              |     2 |    14 |    16 ||    32
Dodge: Dodged            |    16 |    57 |    51 ||   124

Table legend:
 A = Non-vault XP
 B = Vault XP
 C = Vault XP percentage of total XP
 D = Non-vault monster count
 E = Vault monster count
 F = Vault count percentage of total count
                 A         B        C        D         E       F
            +---------+---------+-------+---------+---------+-------
      Total |    3797 |    1581 |  29.4 |     181 |      69 |  27.6
            +---------+---------+-------+---------+---------+-------
        D:1 |      35 |      13 |  27.1 |      21 |       1 |   4.5
        D:2 |      84 |      46 |  35.4 |      25 |       6 |  19.4
        D:3 |      70 |      10 |  12.5 |      25 |       2 |   7.4
        D:4 |     219 |     982 |  81.8 |      21 |       4 |  16.0
        D:5 |     654 |       0 |   0.0 |      19 |       0 |   0.0
        D:6 |     878 |       0 |   0.0 |      23 |       0 |   0.0
        D:7 |    1193 |      41 |   3.3 |      23 |       1 |   4.2
        D:8 |     664 |     141 |  17.5 |      24 |       1 |   4.0
      Sewer |       0 |     348 | 100.0 |       0 |      54 | 100.0
            +---------+---------+-------+---------+---------+-------
